Capitals vs Devils
(R1)
Created - 3 décembre 2012 at 19:36
Goals
|
| Capitals |
0 |
1 |
0 |
1 |
| Devils |
0 |
1 |
4 |
5 |
|
Shots
|
| Capitals |
11 |
12 |
3 |
26 |
| Devils |
4 |
10 |
12 |
26 |
|
1st period
No Goal
Penalties :
Darius Kasparaitis (Was) for Hooking (Minor) at 7:47, Darius Kasparaitis (Was) for Hooking (Minor) at 15:48, Brian Rolston (Was) for High sticking (Minor) at 18:14
2nd period
1. Capitals , Thomas Vanek 2 (Evgeni Malkin, Patrick Kane) at 11:14
2. Devils , Ramzi Abid 4 (Marian Hossa, Sydney Crosby) at 19:31
Penalties :
Alex Tanguay (Was) for Tripping (Minor) at 5:33, Ryan Hollweg (Was) for Interference (Minor) at 7:59, Patrick Kane (Was) for Roughing (Minor) at 11:39
3rd period
3. Devils , Alexander Frolov 5 (Ben Lovejoy, Ryan Miller) at 3:42 (PP)
4. Devils , Ramzi Abid 5 (Marian Hossa, Sydney Crosby) at 3:54
5. Devils , Sydney Crosby 4 (Ramzi Abid, Marian Hossa) at 6:52
6. Devils , Sydney Crosby 5 (Sergei Zubov) at 6:58
Penalties :
Ben Lovejoy (NJD) for Hooking (Minor) at 0:28, Keith Ballard (Was) for Hooking (Minor) at 3:26
Goalie Stats
Marty Turco (Was), 19 saves from 24 shots - (0,792), L, 6-2-0, 46:58 minutes
Ty Conklin (Was), 2 saves from 2 shots - (1,000), 13:02 minutes
Ryan Miller (NJD), 25 saves from 26 shots - (0,962), W, 4-1-2, 60:00 minutes
Players Stats for Capitals
Player Name G A P +/- PIM S H SB GA TA FO MP PP MP PK MP
------------------------------------------------------------------------------------
Ales Hemsky 0 0 0 0 0 1 0 0 0 0 0/0 8:50 0:10 0:00
Alex Tanguay 0 0 0 -1 2 1 1 0 0 0 1/1 13:49 1:10 1:24
Brian Rolston 0 0 0 -1 2 0 0 0 0 0 0/0 11:23 0:00 0:00
Corey Perry 0 0 0 -1 0 2 0 0 0 0 0/1 17:13 0:52 6:29
Darius Kasparaitis 0 0 0 0 4 0 1 0 0 0 0/0 12:55 0:00 0:00
Dennis Wideman 0 0 0 0 0 1 2 1 0 0 0/0 20:23 1:13 5:02
Evgeni Malkin 0 1 1 -1 0 0 1 3 2 2 16/33 23:56 1:00 7:02
François Beauchemin 0 0 0 -3 0 3 1 1 0 0 0/0 25:36 0:46 5:02
Jason Blake 0 0 0 0 0 3 0 1 0 0 0/1 9:38 0:46 0:12
Jordan Staal 0 0 0 0 0 1 0 0 0 0 2/4 14:30 0:10 4:22
Keith Ballard 0 0 0 0 2 0 0 2 0 2 0/0 12:11 0:00 0:00
Mike Richards 0 0 0 -1 0 4 2 0 0 0 4/6 12:22 0:46 0:00
Nicklas Backstrom 0 0 0 -3 0 3 0 0 0 0 4/5 18:50 0:52 1:19
Patrick Kane 0 1 1 -1 2 2 0 0 1 1 1/2 16:49 0:57 0:00
Ryan Hollweg 0 0 0 -1 2 2 3 0 0 0 0/0 11:48 0:00 0:21
Sergei Gonchar 0 0 0 -3 0 1 1 1 0 2 0/0 27:08 1:13 7:08
Thomas Vanek 1 0 1 1 0 2 2 1 0 0 0/0 10:03 0:00 3:11
Toni Lydman 0 0 0 0 0 0 0 0 0 0 0/0 20:19 0:00 7:08
Players Stats for Devils
Player Name G A P +/- PIM S H SB GA TA FO MP PP MP PK MP
------------------------------------------------------------------------------------
Alexander Frolov 1 0 1 -1 0 3 0 0 2 0 0/0 18:19 6:16 0:21
Ben Lovejoy 0 1 1 3 2 0 0 0 0 1 0/0 25:58 5:32 0:00
Chris Kunitz 0 0 0 0 0 1 1 1 0 0 1/1 11:51 0:06 0:00
Chris Pronger 0 0 0 0 0 3 1 2 1 1 0/0 21:54 6:38 0:37
Doug Weight 0 0 0 -1 0 1 4 0 0 1 2/5 17:09 4:28 0:58
George Parros 0 0 0 0 0 0 0 0 0 0 0/0 9:18 0:32 0:33
Josef Vasicek 0 0 0 0 0 2 1 0 0 0 1/5 12:20 0:32 0:09
Lee Stempniak 0 0 0 0 0 0 1 1 0 0 0/1 11:39 0:00 0:00
Marian Hossa 0 3 3 4 0 4 4 1 1 0 3/6 22:36 7:10 0:31
Niklas Kronwall 0 0 0 0 0 1 2 0 0 0 0/0 13:35 0:00 0:00
Olli Jokinen 0 0 0 0 0 0 0 0 1 0 1/2 8:50 0:50 0:00
Peter Prucha 0 0 0 -1 0 0 0 1 0 0 0/0 16:04 4:28 0:00
Raffi Torres 0 0 0 0 0 1 0 0 0 0 0/0 8:06 0:00 0:00
Ramzi Abid 2 1 3 4 0 4 0 0 0 0 3/4 20:47 4:58 0:55
Richard Matvichuk 0 0 0 0 0 0 0 1 0 0 0/0 11:52 0:00 1:22
Roman Hamrlik 0 0 0 0 0 0 0 1 0 0 0/0 18:02 6:38 0:37
Sergei Zubov 0 1 1 3 0 2 0 1 2 0 0/0 27:01 5:32 1:22
Sydney Crosby 2 2 4 4 0 4 2 0 0 0 14/29 22:39 7:10 0:31
3 Stars
1 - Sydney Crosby (NJD)
2 - Ramzi Abid (NJD)
3 - Marian Hossa (NJD)
Power Play
Capitals - 0 on 1 Attempt(s) - 0,00%
Devils - 1 on 7 Attempt(s) - 14,29%
Penalty Kill
Capitals - 6 on 7 Attempt(s) - 85,71%
- Score 0 goal in Penalty Kill
Devils - 1 on 1 Attempt(s) - 100,00%
- Score 0 goal in Penalty Kill
Official
Referees : Joannette Marc and O'Rourke Dan
Linesman : David Brisebois and Tim Nowak
Game Notes
Thomas Vanek is injured at 11:28 of 2nd period (Right Hip)
Ty Conklin enters game at 6:58 of 3rd period
Finance
Level 1 -- Attendance: 3844 (64,07%) -- Ticket Income 422 840 $
Level 2 -- Attendance: 4198 (83,96%) -- Ticket Income 251 880 $
Level 3 -- Attendance: 1287 (64,35%) -- Ticket Income 51 480 $
Level 4 -- Attendance: 2375 (59,38%) -- Ticket Income 59 375 $
Luxury Box -- Attendance: 575 (57,50%) -- Ticket Income 143 750 $
Total Attendance: 12279 (68,22%)
Total Ticket Income: 929 325 $
Total Income: 929 325 $
Capitals
5 vs 5 Forward
Center Left Wing Right Wing Time % Phy DF OF
1 Evgeni Malkin Thomas Vanek Patrick Kane 40 0 1 4
2 Nicklas Backstrom Alex Tanguay Corey Perry 27 0 2 3
3 Mike Richards Ryan Hollweg Brian Rolston 23 0 2 3
4 Jordan Staal Jason Blake Ales Hemsky 10 0 2 3
5 vs 5 Defense
Defense Defense Time % Phy DF OF
1 Sergei Gonchar François Beauchemin 46 0 2 3
2 Dennis Wideman Toni Lydman 34 1 2 2
3 Darius Kasparaitis Keith Ballard 10 3 2 0
4 François Beauchemin Dennis Wideman 10 0 2 3
PowerPlay Forward
Center Left Wing Right Wing Time % Phy DF OF
1 Evgeni Malkin Alex Tanguay Patrick Kane 60 0 1 4
2 Nicklas Backstrom Thomas Vanek Corey Perry 40 0 1 4
PowerPlay Defense
Defense Defense Time % Phy DF OF
1 Sergei Gonchar Dennis Wideman 60 0 3 2
2 Mike Richards François Beauchemin 40 0 3 2
Penalty Kill 4 Players Forward
Center Wing Time % Phy DF OF
1 Evgeni Malkin Corey Perry 60 1 2 2
2 Jordan Staal Thomas Vanek 40 1 2 2
Penalty Kill 4 Players Defense
Defense Defense Time % Phy DF OF
1 Sergei Gonchar Toni Lydman 60 1 2 2
2 Dennis Wideman François Beauchemin 40 1 2 2
Penalty Kill - 3 Players Forward
Forward Time % Phy DF OF
1 Evgeni Malkin 60 1 2 2
2 Jordan Staal 40 1 2 2
Penalty Kill - 3 Players Defense
Defense Defense Time % Phy DF OF
1 Sergei Gonchar Toni Lydman 60 1 2 2
2 Dennis Wideman François Beauchemin 40 1 2 2
4 vs 4 Forward
Center Wing Time % Phy DF OF
1 Evgeni Malkin Thomas Vanek 60 1 2 2
2 Alex Tanguay Corey Perry 40 1 2 2
4 vs 4 Defense
Defense Defense Time % Phy DF OF
1 Sergei Gonchar Dennis Wideman 60 1 2 2
2 Toni Lydman François Beauchemin 40 1 2 2
Last Minutes Offensive
Center Left Wing Right Wing Defense Defense
Evgeni Malkin Alex Tanguay Corey Perry Sergei Gonchar Dennis Wideman
Last Minutes Defensive
Center Left Wing Right Wing Defense Defense
Evgeni Malkin Alex Tanguay Corey Perry Sergei Gonchar Toni Lydman
Goaltenders
Starting : Marty Turco
Backup : Ty Conklin
Extra Forwards
Normal : Evgeni Malkin, Patrick Kane, Nicklas Backstrom - PP : Evgeni Malkin, Corey Perry - PK : Nicklas Backstrom
Extra Defensemen
Normal : Toni Lydman, Dennis Wideman, Sergei Gonchar - PP : Sergei Gonchar - PK : Toni Lydman, Dennis Wideman
Penalty Shots
Evgeni Malkin, Patrick Kane, Mike Richards, Corey Perry, Thomas Vanek
Devils
5 vs 5 Forward
Center Left Wing Right Wing Time % Phy DF OF
1 Sydney Crosby Ramzi Abid Marian Hossa 40 0 2 3
2 Doug Weight Alexander Frolov Peter Prucha 30 0 2 3
3 Josef Vasicek Chris Kunitz Lee Stempniak 20 0 2 3
4 Olli Jokinen Raffi Torres George Parros 10 0 2 3
5 vs 5 Defense
Defense Defense Time % Phy DF OF
1 Sergei Zubov Ben Lovejoy 40 1 2 2
2 Niklas Kronwall Chris Pronger 30 1 2 2
3 Richard Matvichuk Roman Hamrlik 20 1 2 2
4 Roman Hamrlik Chris Pronger 10 1 2 2
PowerPlay Forward
Center Left Wing Right Wing Time % Phy DF OF
1 Sydney Crosby Alexander Frolov Marian Hossa 60 0 2 3
2 Doug Weight Ramzi Abid Peter Prucha 40 0 2 3
PowerPlay Defense
Defense Defense Time % Phy DF OF
1 Sergei Zubov Ben Lovejoy 60 0 2 3
2 Roman Hamrlik Chris Pronger 40 0 2 3
Penalty Kill 4 Players Forward
Center Wing Time % Phy DF OF
1 Doug Weight Ramzi Abid 60 1 2 2
2 Sydney Crosby Marian Hossa 40 1 2 2
Penalty Kill 4 Players Defense
Defense Defense Time % Phy DF OF
1 Sergei Zubov Richard Matvichuk 60 1 2 2
2 Chris Pronger Roman Hamrlik 40 1 2 2
Penalty Kill - 3 Players Forward
Forward Time % Phy DF OF
1 Doug Weight 60 1 2 2
2 Sydney Crosby 40 1 2 2
Penalty Kill - 3 Players Defense
Defense Defense Time % Phy DF OF
1 Sergei Zubov Chris Pronger 60 1 2 2
2 Richard Matvichuk Roman Hamrlik 40 1 2 2
4 vs 4 Forward
Center Wing Time % Phy DF OF
1 Doug Weight Ramzi Abid 60 1 2 2
2 Sydney Crosby Marian Hossa 40 1 2 2
4 vs 4 Defense
Defense Defense Time % Phy DF OF
1 Sergei Zubov Ben Lovejoy 60 1 2 2
2 Chris Pronger Roman Hamrlik 40 1 2 2
Last Minutes Offensive
Center Left Wing Right Wing Defense Defense
Sydney Crosby Ramzi Abid Marian Hossa Sergei Zubov Chris Pronger
Last Minutes Defensive
Center Left Wing Right Wing Defense Defense
Sydney Crosby Ramzi Abid Marian Hossa Sergei Zubov Chris Pronger
Goaltenders
Starting : Ryan Miller
Backup : Maxime Daigneault
Extra Forwards
Normal : Olli Jokinen, Josef Vasicek, Peter Prucha - PP : Olli Jokinen, Josef Vasicek - PK : George Parros
Extra Defensemen
Normal : Richard Matvichuk, Ben Lovejoy, Niklas Kronwall - PP : Richard Matvichuk - PK : Ben Lovejoy, Niklas Kronwall
Penalty Shots
Marian Hossa, Sydney Crosby, Ramzi Abid, Doug Weight, Alexander Frolov
% Time on Ice - Capitals
Lines # - Real PCT - Wanted PCT - Time Play
Normal Forward
1 - 41% - 40% - 18:45
2 - 17% - 27% - 7:53
3 - 27% - 23% - 12:16
4 - 15% - 10% - 6:57
Normal Defense
1 - 43% - 46% - 19:52
2 - 32% - 34% - 14:38
3 - 22% - 10% - 10:13
4 - 2% - 10% - 1:08
PP Forward
1 - 48% - 60% - 0:57
2 - 52% - 40% - 1:02
PP Defense
1 - 61% - 60% - 1:13
2 - 39% - 40% - 0:46
PK Forward
1 - 64% - 60% - 7:50
2 - 36% - 40% - 4:20
PK Defense
1 - 59% - 60% - 7:08
2 - 41% - 40% - 5:02
PK3 Forward
1 - 0% - 60%
2 - 0% - 40%
PK3 Defense
1 - 0% - 60%
2 - 0% - 40%
44 Forward
1 - 0% - 60%
2 - 0% - 40%
44 Defense
1 - 0% - 60%
2 - 0% - 40%
Last Minute Offensive - 0:00
Last Minute Defensive - 0:00
Total
Forward - 60:00
Defense - 60:00
|
% Time on Ice - Devils
Lines # - Real PCT - Wanted PCT - Time Play
Normal Forward
1 - 33% - 40% - 15:13
2 - 27% - 30% - 12:18
3 - 24% - 20% - 10:51
4 - 16% - 10% - 7:29
Normal Defense
1 - 43% - 40% - 19:32
2 - 32% - 30% - 14:45
3 - 21% - 20% - 9:36
4 - 4% - 10% - 1:58
PP Forward
1 - 59% - 60% - 7:12
2 - 41% - 40% - 4:58
PP Defense
1 - 45% - 60% - 5:32
2 - 55% - 40% - 6:38
PK Forward
1 - 74% - 60% - 1:28
2 - 26% - 40% - 0:31
PK Defense
1 - 69% - 60% - 1:22
2 - 31% - 40% - 0:37
PK3 Forward
1 - 0% - 60%
2 - 0% - 40%
PK3 Defense
1 - 0% - 60%
2 - 0% - 40%
44 Forward
1 - 0% - 60%
2 - 0% - 40%
44 Defense
1 - 0% - 60%
2 - 0% - 40%
Last Minute Offensive - 0:00
Last Minute Defensive - 0:00
Total
Forward - 60:00
Defense - 60:00
|
Play by Play
1st period
0:01 of 1st period - Evgeni Malkin wins face-off versus Sydney Crosby in neutral zone.
0:06 of 1st period - Slapshot by Thomas Vanek.
0:06 of 1st period - Shot Blocked by Marian Hossa.
0:30 of 1st period - Snap shot by Ryan Hollweg.
0:30 of 1st period - Shot Misses the Net.
1:00 of 1st period - Slapshot by Josef Vasicek.
1:00 of 1st period - Shot Misses the Net.
1:12 of 1st period - Snap shot by Corey Perry.
1:12 of 1st period - Stopped by Ryan Miller with a rebound.
3:25 of 1st period - Alexander Frolov is hit by Darius Kasparaitis and loses puck.
3:43 of 1st period - Off-side.
3:44 of 1st period - Nicklas Backstrom wins face-off versus Josef Vasicek in neutral zone.
4:15 of 1st period - Slapshot by Josef Vasicek.
4:15 of 1st period - Shot Misses the Net.
4:52 of 1st period - Slapshot by Corey Perry.
4:52 of 1st period - Shot Blocked by Lee Stempniak.
5:04 of 1st period - Chris Kunitz is hit by Alex Tanguay and loses puck.
6:00 of 1st period - Snap shot by Nicklas Backstrom.
6:00 of 1st period - Stopped by Ryan Miller without a rebound.
6:01 of 1st period - Sydney Crosby wins face-off versus Evgeni Malkin in Devils zone.
6:06 of 1st period - Slapshot by Sergei Zubov.
6:06 of 1st period - Deflect By Patrick Kane.
6:06 of 1st period - Stopped by Marty Turco without a rebound.
6:07 of 1st period - Marian Hossa wins face-off versus Evgeni Malkin in Capitals zone.
6:52 of 1st period - Snap shot by Ales Hemsky.
6:52 of 1st period - Stopped by Ryan Miller with a rebound.
7:24 of 1st period - Slapshot by Peter Prucha.
7:24 of 1st period - Shot Misses the Net.
7:26 of 1st period - Wrist shot by Sergei Zubov.
7:26 of 1st period - Shot Misses the Net.
7:28 of 1st period - Wrist shot by Alexander Frolov.
7:28 of 1st period - Shot Misses the Net.
7:30 of 1st period - Slapshot by Ben Lovejoy.
7:30 of 1st period - Shot Hit the Post.
7:40 of 1st period - Wrist shot by Alexander Frolov.
7:40 of 1st period - Shot Misses the Net.
7:44 of 1st period - Snap shot by Doug Weight.
7:44 of 1st period - Deflect By Jason Blake.
7:44 of 1st period - Stopped by Marty Turco with a rebound.
7:46 of 1st period - Snap shot by Doug Weight.
7:46 of 1st period - Shot Blocked by Keith Ballard.
7:47 of 1st period - Minor Penalty to Darius Kasparaitis for Hooking.
7:48 of 1st period - Evgeni Malkin wins face-off versus Sydney Crosby in Capitals zone.
8:03 of 1st period - Wrist shot by Sydney Crosby.
8:03 of 1st period - Shot Blocked by Evgeni Malkin.
9:33 of 1st period - Icing by Ramzi Abid.
9:34 of 1st period - Alex Tanguay wins face-off versus Josef Vasicek in Devils zone.
9:47 of 1st period - Penalty to Darius Kasparaitis is over, Darius Kasparaitis is back on ice.
9:55 of 1st period - Wrist shot by Thomas Vanek.
9:55 of 1st period - Shot Misses the Net.
10:19 of 1st period - Snap shot by Ryan Hollweg.
10:19 of 1st period - Stopped by Ryan Miller with a rebound.
10:21 of 1st period - Snap shot by Mike Richards.
10:21 of 1st period - Stopped by Ryan Miller with a rebound.
10:23 of 1st period - Slapshot by Dennis Wideman.
10:23 of 1st period - Shot Blocked by Chris Kunitz.
10:25 of 1st period - Wrist shot by François Beauchemin.
10:25 of 1st period - Shot Misses the Net.
10:27 of 1st period - Snap shot by François Beauchemin.
10:27 of 1st period - Shot Misses the Net.
10:34 of 1st period - Icing by Niklas Kronwall.
10:35 of 1st period - Nicklas Backstrom wins face-off versus Doug Weight in Devils zone.
10:36 of 1st period - Snap shot by Corey Perry.
10:36 of 1st period - Stopped by Ryan Miller without a rebound.
10:37 of 1st period - Nicklas Backstrom wins face-off versus Doug Weight in Devils zone.
10:50 of 1st period - Alex Tanguay is hit by Chris Pronger and loses puck.
11:35 of 1st period - Marian Hossa is hit by Ryan Hollweg and loses puck.
11:51 of 1st period - Snap shot by Jordan Staal.
11:51 of 1st period - Deflect By Olli Jokinen.
11:51 of 1st period - Stopped by Ryan Miller with a rebound.
11:59 of 1st period - Slapshot by Sergei Gonchar.
11:59 of 1st period - Stopped by Ryan Miller with a rebound.
12:50 of 1st period - Wrist shot by Ryan Hollweg.
12:50 of 1st period - Stopped by Ryan Miller without a rebound.
12:51 of 1st period - Patrick Kane wins face-off versus Olli Jokinen in Devils zone.
12:52 of 1st period - Snap shot by Evgeni Malkin.
12:52 of 1st period - Shot Blocked by Roman Hamrlik.
13:06 of 1st period - Snap shot by Evgeni Malkin.
13:06 of 1st period - Shot Misses the Net.
13:27 of 1st period - Snap shot by Marian Hossa.
13:27 of 1st period - Stopped by Marty Turco with a rebound.
13:41 of 1st period - Slapshot by Nicklas Backstrom.
13:41 of 1st period - Stopped by Ryan Miller with a rebound.
13:43 of 1st period - Wrist shot by Nicklas Backstrom.
13:43 of 1st period - Shot Blocked by Chris Pronger.
13:45 of 1st period - Slapshot by Corey Perry.
13:45 of 1st period - Shot Misses the Net.
13:47 of 1st period - Slapshot by François Beauchemin.
13:47 of 1st period - Shot Blocked by Peter Prucha.
15:37 of 1st period - Wrist shot by Ramzi Abid.
15:37 of 1st period - Deflect By Marian Hossa.
15:37 of 1st period - Stopped by Marty Turco with a rebound.
15:48 of 1st period - Minor Penalty to Darius Kasparaitis for Hooking.
15:49 of 1st period - Evgeni Malkin wins face-off versus Sydney Crosby in Capitals zone.
16:23 of 1st period - Jordan Staal is hit by Doug Weight and loses puck.
16:52 of 1st period - Dennis Wideman is hit by Doug Weight and loses puck.
17:23 of 1st period - Nicklas Backstrom is hit by Marian Hossa and loses puck.
17:48 of 1st period - Penalty to Darius Kasparaitis is over, Darius Kasparaitis is back on ice.
18:08 of 1st period - Backhand shot by Alex Tanguay.
18:08 of 1st period - Stopped by Ryan Miller without a rebound.
18:09 of 1st period - Olli Jokinen wins face-off versus Mike Richards in Devils zone.
18:09 of 1st period - Olli Jokinen is hit by Dennis Wideman.
18:14 of 1st period - Minor Penalty to Brian Rolston for High sticking.
18:15 of 1st period - Sydney Crosby wins face-off versus Evgeni Malkin in Capitals zone.
18:42 of 1st period - Sergei Zubov is hit by Thomas Vanek and loses puck.
19:35 of 1st period - Dennis Wideman is hit by Doug Weight and loses puck.
2nd period
0:01 of 2nd period - Evgeni Malkin wins face-off versus Sydney Crosby in neutral zone.
0:14 of 2nd period - Penalty to Brian Rolston is over, Brian Rolston is back on ice.
0:16 of 2nd period - Snap shot by Alexander Frolov.
0:16 of 2nd period - Stopped by Marty Turco without a rebound.
0:17 of 2nd period - Sydney Crosby wins face-off versus Evgeni Malkin in Capitals zone.
0:20 of 2nd period - Slapshot by Ramzi Abid.
0:20 of 2nd period - Shot Misses the Net.
0:26 of 2nd period - Slapshot by François Beauchemin.
0:26 of 2nd period - Stopped by Ryan Miller with a rebound.
0:28 of 2nd period - Slapshot by Evgeni Malkin.
0:28 of 2nd period - Shot Hit the Post.
1:33 of 2nd period - Snap shot by François Beauchemin.
1:33 of 2nd period - Shot Misses the Net.
2:54 of 2nd period - Evgeni Malkin is hit by Niklas Kronwall and loses puck.
3:00 of 2nd period - Icing by Keith Ballard.
3:01 of 2nd period - Ramzi Abid wins face-off versus Evgeni Malkin in Capitals zone.
3:02 of 2nd period - Snap shot by Sydney Crosby.
3:02 of 2nd period - Stopped by Marty Turco with a rebound.
3:05 of 2nd period - Icing by Patrick Kane.
3:06 of 2nd period - Sydney Crosby wins face-off versus Evgeni Malkin in Capitals zone.
3:57 of 2nd period - Snap shot by Raffi Torres.
3:57 of 2nd period - Shot Misses the Net.
3:59 of 2nd period - Slapshot by Chris Pronger.
3:59 of 2nd period - Stopped by Marty Turco with a rebound.
4:01 of 2nd period - Wrist shot by Raffi Torres.
4:01 of 2nd period - Shot Misses the Net.
4:03 of 2nd period - Backhand shot by Chris Pronger.
4:03 of 2nd period - Stopped by Marty Turco with a rebound.
4:05 of 2nd period - Slapshot by Niklas Kronwall.
4:05 of 2nd period - Deflect By Evgeni Malkin.
4:05 of 2nd period - Stopped by Marty Turco with a rebound.
4:07 of 2nd period - Snap shot by George Parros.
4:07 of 2nd period - Shot Misses the Net.
4:19 of 2nd period - Snap shot by Ryan Hollweg.
4:19 of 2nd period - Shot Misses the Net.
5:07 of 2nd period - Wrist shot by Jason Blake.
5:07 of 2nd period - Stopped by Ryan Miller with a rebound.
5:09 of 2nd period - Wrist shot by François Beauchemin.
5:09 of 2nd period - Stopped by Ryan Miller with a rebound.
5:33 of 2nd period - Minor Penalty to Alex Tanguay for Tripping.
5:34 of 2nd period - Evgeni Malkin wins face-off versus Sydney Crosby in Capitals zone.
5:42 of 2nd period - Icing by Marian Hossa.
5:43 of 2nd period - Sydney Crosby wins face-off versus Evgeni Malkin in Devils zone.
6:41 of 2nd period - Snap shot by Marian Hossa.
6:41 of 2nd period - Stopped by Marty Turco without a rebound.
6:42 of 2nd period - Doug Weight wins face-off versus Jordan Staal in Capitals zone.
7:33 of 2nd period - Penalty to Alex Tanguay is over, Alex Tanguay is back on ice.
7:46 of 2nd period - Snap shot by Thomas Vanek.
7:46 of 2nd period - Shot Misses the Net.
7:48 of 2nd period - Slapshot by François Beauchemin.
7:48 of 2nd period - Stopped by Ryan Miller without a rebound.
7:49 of 2nd period - Chris Kunitz wins face-off versus Mike Richards in Devils zone.
7:59 of 2nd period - Minor Penalty to Ryan Hollweg for Interference.
8:00 of 2nd period - Evgeni Malkin wins face-off versus Sydney Crosby in Capitals zone.
8:25 of 2nd period - Sergei Gonchar is hit by Doug Weight and loses puck.
8:36 of 2nd period - Slapshot by Sergei Gonchar.
8:36 of 2nd period - Shot Misses the Net.
8:38 of 2nd period - Snap shot by Thomas Vanek.
8:38 of 2nd period - Stopped by Ryan Miller with a rebound.
8:50 of 2nd period - Snap shot by Chris Pronger.
8:50 of 2nd period - Stopped by Marty Turco without a rebound.
8:51 of 2nd period - Sydney Crosby wins face-off versus Evgeni Malkin in Capitals zone.
9:59 of 2nd period - Penalty to Ryan Hollweg is over, Ryan Hollweg is back on ice.
10:12 of 2nd period - Slapshot by Mike Richards.
10:12 of 2nd period - Deflect By Ryan Hollweg.
10:12 of 2nd period - Shot Misses the Net.
10:12 of 2nd period - Puck is out of play.
10:13 of 2nd period - Mike Richards wins face-off versus Josef Vasicek in Devils zone.
10:16 of 2nd period - Snap shot by Mike Richards.
10:16 of 2nd period - Stopped by Ryan Miller without a rebound.
10:17 of 2nd period - Josef Vasicek wins face-off versus Evgeni Malkin in Devils zone.
10:17 of 2nd period - Josef Vasicek is hit by Thomas Vanek.
10:22 of 2nd period - Off-side.
10:23 of 2nd period - Evgeni Malkin wins face-off versus Lee Stempniak in neutral zone.
10:39 of 2nd period - Snap shot by Chris Kunitz.
10:39 of 2nd period - Deflect By François Beauchemin.
10:39 of 2nd period - Shot Blocked by Evgeni Malkin.
10:39 of 2nd period - Puck is out of play.
10:40 of 2nd period - Mike Richards wins face-off versus Marian Hossa in Capitals zone.
11:14 of 2nd period - Snap shot by Thomas Vanek.
11:14 of 2nd period - Goal by Thomas Vanek - Capitals : 1 - Devils : 0.
11:15 of 2nd period - Marian Hossa wins face-off versus Evgeni Malkin in neutral zone.
11:26 of 2nd period - Wrist shot by Sydney Crosby.
11:26 of 2nd period - Shot Misses the Net.
11:28 of 2nd period - Slapshot by Ben Lovejoy.
11:28 of 2nd period - Shot Blocked by Thomas Vanek.
11:28 of 2nd period - Thomas Vanek from Capitals is injured at 11:28 of 2nd period (Right Hip).
11:29 of 2nd period - Evgeni Malkin wins face-off versus Sydney Crosby in Capitals zone.
11:38 of 2nd period - Marian Hossa is hit by François Beauchemin.
11:39 of 2nd period - Minor Penalty to Patrick Kane for Roughing.
11:40 of 2nd period - Sydney Crosby wins face-off versus Evgeni Malkin in Capitals zone.
11:43 of 2nd period - Snap shot by Alexander Frolov.
11:43 of 2nd period - Shot Blocked by Sergei Gonchar.
12:24 of 2nd period - Dennis Wideman is hit by Sydney Crosby and loses puck.
13:39 of 2nd period - Penalty to Patrick Kane is over, Patrick Kane is back on ice.
13:48 of 2nd period - Mike Richards is hit by Chris Kunitz and loses puck.
14:22 of 2nd period - Jordan Staal is hit by Lee Stempniak.
14:47 of 2nd period - Slapshot by Dennis Wideman.
14:47 of 2nd period - Stopped by Ryan Miller without a rebound.
14:48 of 2nd period - Nicklas Backstrom wins face-off versus Josef Vasicek in Devils zone.
15:18 of 2nd period - Snap shot by Raffi Torres.
15:18 of 2nd period - Stopped by Marty Turco without a rebound.
15:19 of 2nd period - Sydney Crosby wins face-off versus Evgeni Malkin in Capitals zone.
15:44 of 2nd period - Chris Pronger is hit by Ryan Hollweg and loses puck.
15:50 of 2nd period - Off-side.
15:51 of 2nd period - Evgeni Malkin wins face-off versus Sydney Crosby in neutral zone.
16:01 of 2nd period - Snap shot by Marian Hossa.
16:01 of 2nd period - Shot Misses the Net.
16:03 of 2nd period - Slapshot by Sergei Zubov.
16:03 of 2nd period - Shot Misses the Net.
16:05 of 2nd period - Wrist shot by Ben Lovejoy.
16:05 of 2nd period - Shot Blocked by François Beauchemin.
16:15 of 2nd period - Peter Prucha is hit by Mike Richards and loses puck.
16:22 of 2nd period - Snap shot by Mike Richards.
16:22 of 2nd period - Shot Misses the Net.
16:24 of 2nd period - Snap shot by Mike Richards.
16:24 of 2nd period - Stopped by Ryan Miller without a rebound.
16:25 of 2nd period - Evgeni Malkin wins face-off versus Sydney Crosby in Devils zone.
16:34 of 2nd period - Snap shot by Marian Hossa.
16:34 of 2nd period - Shot Blocked by Evgeni Malkin.
16:36 of 2nd period - Slapshot by Marian Hossa.
16:36 of 2nd period - Shot Misses the Net.
16:50 of 2nd period - Evgeni Malkin is hit by Josef Vasicek.
16:56 of 2nd period - Wrist shot by Lee Stempniak.
16:56 of 2nd period - Shot Misses the Net.
17:25 of 2nd period - Wrist shot by Mike Richards.
17:25 of 2nd period - Stopped by Ryan Miller without a rebound.
17:26 of 2nd period - Sydney Crosby wins face-off versus Jason Blake in Devils zone.
17:31 of 2nd period - Snap shot by Ramzi Abid.
17:31 of 2nd period - Stopped by Marty Turco without a rebound.
17:32 of 2nd period - Jordan Staal wins face-off versus Sydney Crosby in Capitals zone.
17:32 of 2nd period - Jordan Staal is hit by Niklas Kronwall.
17:40 of 2nd period - Slapshot by Jason Blake.
17:40 of 2nd period - Stopped by Ryan Miller without a rebound.
17:41 of 2nd period - Ramzi Abid wins face-off versus Evgeni Malkin in Devils zone.
17:41 of 2nd period - Ramzi Abid is hit by Sergei Gonchar.
17:47 of 2nd period - Slapshot by Sergei Zubov.
17:47 of 2nd period - Shot Misses the Net.
18:55 of 2nd period - Wrist shot by Corey Perry.
18:55 of 2nd period - Shot Misses the Net.
18:57 of 2nd period - Wrist shot by Nicklas Backstrom.
18:57 of 2nd period - Stopped by Ryan Miller with a rebound.
18:59 of 2nd period - Wrist shot by Nicklas Backstrom.
18:59 of 2nd period - Shot Blocked by Chris Pronger.
19:01 of 2nd period - Snap shot by Nicklas Backstrom.
19:01 of 2nd period - Shot Misses the Net.
19:22 of 2nd period - Niklas Kronwall is hit by Mike Richards and loses puck.
19:27 of 2nd period - Wrist shot by Sydney Crosby.
19:27 of 2nd period - Shot Misses the Net.
19:29 of 2nd period - Snap shot by Marian Hossa.
19:29 of 2nd period - Shot Blocked by Dennis Wideman.
19:31 of 2nd period - Slapshot by Ramzi Abid.
19:31 of 2nd period - Goal by Ramzi Abid - Capitals : 1 - Devils : 1.
19:32 of 2nd period - Sydney Crosby wins face-off versus Evgeni Malkin in neutral zone.
19:40 of 2nd period - Ramzi Abid is hit by Dennis Wideman and loses puck.
3rd period
0:01 of 3rd period - Sydney Crosby wins face-off versus Patrick Kane in neutral zone.
0:04 of 3rd period - Patrick Kane is hit by Sydney Crosby and loses puck.
0:28 of 3rd period - Minor Penalty to Ben Lovejoy for Hooking.
0:29 of 3rd period - Evgeni Malkin wins face-off versus Ramzi Abid in Devils zone.
2:27 of 3rd period - Slapshot by Jason Blake.
2:27 of 3rd period - Stopped by Ryan Miller with a rebound.
2:28 of 3rd period - Penalty to Ben Lovejoy is over, Ben Lovejoy is back on ice.
2:45 of 3rd period - Wrist shot by Josef Vasicek.
2:45 of 3rd period - Stopped by Marty Turco without a rebound.
2:46 of 3rd period - Ramzi Abid wins face-off versus Evgeni Malkin in Capitals zone.
3:13 of 3rd period - Wrist shot by Doug Weight.
3:13 of 3rd period - Shot Blocked by Keith Ballard.
3:26 of 3rd period - Minor Penalty to Keith Ballard for Hooking.
3:27 of 3rd period - Sydney Crosby wins face-off versus Evgeni Malkin in Capitals zone.
3:42 of 3rd period - Wrist shot by Alexander Frolov.
3:42 of 3rd period - Goal by Alexander Frolov - Capitals : 1 - Devils : 2.
3:43 of 3rd period - Sydney Crosby wins face-off versus Corey Perry in neutral zone.
3:46 of 3rd period - Slapshot by Sergei Zubov.
3:46 of 3rd period - Stopped by Marty Turco with a rebound.
3:48 of 3rd period - Snap shot by Sydney Crosby.
3:48 of 3rd period - Stopped by Marty Turco without a rebound.
3:49 of 3rd period - Marian Hossa wins face-off versus Nicklas Backstrom in Capitals zone.
3:54 of 3rd period - Snap shot by Ramzi Abid.
3:54 of 3rd period - Goal by Ramzi Abid - Capitals : 1 - Devils : 3.
3:55 of 3rd period - Sydney Crosby wins face-off versus Evgeni Malkin in neutral zone.
4:04 of 3rd period - Slapshot by Ben Lovejoy.
4:04 of 3rd period - Shot Misses the Net.
4:51 of 3rd period - Slapshot by Jordan Staal.
4:51 of 3rd period - Shot Blocked by Richard Matvichuk.
6:09 of 3rd period - Snap shot by Josef Vasicek.
6:09 of 3rd period - Stopped by Marty Turco with a rebound.
6:11 of 3rd period - Wrist shot by Chris Kunitz.
6:11 of 3rd period - Stopped by Marty Turco without a rebound.
6:12 of 3rd period - Doug Weight wins face-off versus Jordan Staal in Capitals zone.
6:13 of 3rd period - Snap shot by Alexander Frolov.
6:13 of 3rd period - Stopped by Marty Turco with a rebound.
6:39 of 3rd period - Icing by Darius Kasparaitis.
6:40 of 3rd period - Jordan Staal wins face-off versus Sydney Crosby in Capitals zone.
6:40 of 3rd period - Jordan Staal is hit by Marian Hossa.
6:46 of 3rd period - Nicklas Backstrom is hit by Marian Hossa.
6:52 of 3rd period - Slapshot by Sydney Crosby.
6:52 of 3rd period - Goal by Sydney Crosby - Capitals : 1 - Devils : 4.
6:53 of 3rd period - Evgeni Malkin wins face-off versus Sydney Crosby in neutral zone.
6:58 of 3rd period - Snap shot by Sydney Crosby.
6:58 of 3rd period - Goal by Sydney Crosby - Capitals : 1 - Devils : 5.
6:58 of 3rd period - Ty Conklin enters game.
6:59 of 3rd period - Evgeni Malkin wins face-off versus Sydney Crosby in neutral zone.
7:12 of 3rd period - Snap shot by Patrick Kane.
7:12 of 3rd period - Stopped by Ryan Miller without a rebound.
7:13 of 3rd period - Evgeni Malkin wins face-off versus Sydney Crosby in Devils zone.
7:14 of 3rd period - Slapshot by Patrick Kane.
7:14 of 3rd period - Stopped by Ryan Miller without a rebound.
7:15 of 3rd period - Evgeni Malkin wins face-off versus Marian Hossa in Devils zone.
7:22 of 3rd period - Slapshot by Ramzi Abid.
7:22 of 3rd period - Stopped by Ty Conklin without a rebound.
7:23 of 3rd period - Evgeni Malkin wins face-off versus Sydney Crosby in Capitals zone.
7:36 of 3rd period - Slapshot by Sergei Zubov.
7:36 of 3rd period - Shot Misses the Net.
8:23 of 3rd period - Wrist shot by Evgeni Malkin.
8:23 of 3rd period - Shot Blocked by Sergei Zubov.
8:41 of 3rd period - Slapshot by Marian Hossa.
8:41 of 3rd period - Shot Misses the Net.
8:43 of 3rd period - Snap shot by Ramzi Abid.
8:43 of 3rd period - Shot Misses the Net.
9:21 of 3rd period - Nicklas Backstrom is hit by Marian Hossa.
10:12 of 3rd period - Sergei Zubov is hit by Evgeni Malkin.
11:10 of 3rd period - Wrist shot by Marian Hossa.
11:10 of 3rd period - Stopped by Ty Conklin without a rebound.
11:11 of 3rd period - Mike Richards wins face-off versus Doug Weight in Capitals zone.
11:46 of 3rd period - Snap shot by Josef Vasicek.
11:46 of 3rd period - Shot Misses the Net.
12:06 of 3rd period - Raffi Torres is hit by Ryan Hollweg and loses puck.
12:44 of 3rd period - Snap shot by Doug Weight.
12:44 of 3rd period - Shot Blocked by Jason Blake.
18:40 of 3rd period - Icing by Jason Blake.
18:41 of 3rd period - Mike Richards wins face-off versus Marian Hossa in Capitals zone.
Output by the SimonT Hockey Simulator (STHS) for François Prévost -- Original Page W3C XHTML 1.0 Valid